 Dungeon Crawl Stone Soup version 0.31-a0-986-g5e6e4ef867 (webtiles) character file.

Game seed: 1603515145717146274

26 lunkers the Slasher (level 3, 0/31 HPs)
             Began as a Meteoran Fighter on Nov 9, 2023.
             Slain by a cerulean imp
             ... wielding a +1 spear
             ... summoned by Natasha
              (5 damage)
             ... on level 2 of the Dungeon.
             The game lasted 00:00:38 (389 turns).

lunkers the Slasher (Meteoran Fighter)               Turns: 389, Time: 00:00:39

Health: 0/31       AC:  8    Str: 17    XL:     3   Next: 41%
Magic:  4/4        EV:  9    Int:  9    God:
Gold:   16         SH:  5    Dex: 16    Spells: 2/2 levels left

rFire   . . .        a - +0 long sword
rCold   . . .        c - +0 buckler
rNeg    . . .        b - +0 scale mail
rPois   .            f - +0 helmet
rElec   .            (no cloak)
rCorr   .            (no gloves)
SInv    .            (no boots)
Will    .....        (no amulet) Stlth
                     (no ring)
HPRegen 0.25/turn    (no ring)
MPRegen 0.09/turn

%: no passive effects
@: slowed, glowing, very slow
A: sense surroundings 1, otherworldly, glowing, explore regen
a: no special abilities


You were on level 2 of the Dungeon.
You visited 1 branch of the dungeon, and saw 2 of its levels.

You collected 16 gold pieces.

Inventory:

Hand Weapons
 a - a +0 long sword (weapon)
Armour
 b - a +0 scale mail (worn)
 c - a +0 buckler (worn)
 f - a +0 helmet (worn)
Scrolls
 e - a scroll of revelation {unknown}
 h - a scroll of enchant armour {unknown}
 j - a scroll of vulnerability {unknown}
Potions
 d - a potion of might
 g - a potion of degeneration {unknown}
 i - a potion of haste {unknown}


   Skills:
 - Level 3.2 Fighting
 * Level 4.2 Long Blades
 - Level 3.2 Armour
 - Level 3.2 Shields


You had 2 spell levels left.
You didn't know any spells.
Your spell library was empty.

Dungeon Overview and Level Annotations

Branches:
Dungeon (2/15) Zot: 797

Altars:

Shops:
D:2 (

Annotations:
D:2 Natasha


Innate Abilities, Weirdness & Mutations

You passively map a small area around you.
You are easily found by Zot.
You glow in the dark.
You regain HP and MP as you explore.


Message History

You hit Natasha but do no damage.
Natasha is heavily wounded.
Natasha claws you but does no damage. The goblin hits you but does no damage.
You block the rat's attack. You block the cerulean imp's attack.
Unknown command.
Unknown command.
You barely miss Natasha.
Natasha is heavily wounded.
Natasha barely misses you. The goblin hits you with a +0 dagger.
* * * LOW HITPOINT WARNING * * *
You block the rat's attack.
The cerulean imp hits you from afar with a +1 spear.
* * * LOW HITPOINT WARNING * * *
Natasha claws you.
* * * LOW HITPOINT WARNING * * *
The rat closely misses you. The goblin completely misses you.
Unknown command.
You barely miss Natasha.
Natasha is heavily wounded.
The cerulean imp hits you but does no damage.
You block the goblin's attack. The rat closely misses you.
Natasha closely misses you.
Unknown command.
Unknown command.
Unknown command.
You barely miss Natasha.
Natasha is heavily wounded.
The cerulean imp hits you but does no damage.
Natasha claws you but does no damage. The goblin hits you with a +0 dagger.
* * * LOW HITPOINT WARNING * * *
The rat bites you but does no damage. You block the cerulean imp's attack.
Unknown command.
Unknown command.
You hit Natasha but do no damage.
Natasha is heavily wounded.
Natasha stares at you and mumbles some strange words.
You feel yourself slow down. The goblin hits you but does no damage.
The rat barely misses you.
The cerulean imp hits you from afar with a +1 spear.
You die...

#.# #############≈#....#
#.# ####.#≈#...## #^#
#....#≈###†.. #.#########
#....###..###
..........###......##.###
...........##......##....
..........##.......#####
......h...#.....##......
⌠
..!...g@........##......
.....5r.....<..........#
.........#.......#.....#
..................#.....
.............#..#.....†.
,
,...................)....
........⌠.##....##(.....
....[...... ............
, ......#..


You could see Natasha, a cerulean imp (summoned), a goblin and a rat.

Vanquished Creatures
  An adder (D:2)
  A worm (D:2)
  4 endoplasms
  A goblin (D:2)
  3 hobgoblins
  A bat (D:2)
  A frilled lizard (D:2)
  A kobold (D:1)
  A rat (D:2)
14 creatures vanquished.

Notes
Turn   | Place    | Note
-------+----------+-------------------------------------------
     0 | D:1      | lunkers the Meteoran Fighter began the quest for the Orb.
     0 | D:1      | Reached XP level 1. HP: 19/19 MP: 2/2
     0 | D:1      | Noticed an octopode
     0 | D:1      | Noticed a dwarf
     1 | D:1      | Noticed a tengu
     2 | D:1      | Noticed a tengu
     7 | D:1      | Noticed a minotaur
     8 | D:1      | Noticed a vine stalker
    11 | D:1      | Noticed a vine stalker
    13 | D:1      | Noticed a merfolk
    13 | D:1      | Noticed a minotaur
    15 | D:1      | Noticed a merfolk
    15 | D:1      | Noticed an elf
    17 | D:1      | Noticed a demigod
    19 | D:1      | Noticed a gargoyle
    21 | D:1      | Noticed a draconian
   140 | D:1      | Reached skill level 3 in Long Blades
   140 | D:1      | Reached XP level 2. HP: 26/26 MP: 3/3
   174 | D:2      | Found Zado's Antique Weapon Emporium.
   186 | D:2      | Reached XP level 3. HP: 19/31 MP: 4/4
   238 | D:2      | Reached skill level 4 in Long Blades
   375 | D:2      | Noticed Natasha
   389 | D:2      | Slain by a cerulean imp

Illustrated notes

Levels and vault maps discovered:
D:1:      shiori_arrival_whats_in_store_for_you, layout_basic
D:2:      layout_rooms, serial_shops, nicolae_shop_competitors_out_of_business,
          solitary_fountain, chequers_serial_rivers_micro_a, grunt_ministairs_2,
          minivault_19, uniq_natasha, uniq_crazy_yiuf_cottage

Skill      XL: |  1  2  3 |
---------------+----------+-----
Long Blades    | 3 4 |  4.2
Fighting       | |  3.2
Armour         | |  3.2
Shields        | |  3.2

Action                     || total
---------------------------++-------
  Melee: Long sword        ||    44
 Armour: Scale mail        ||    51
  Dodge: Dodged            ||    27
  Block: Buckler           ||    10

Table legend: (Time is in decaauts)
 A = Elapsed time spent in this place.
 B = Non-inter-level travel time spent in this place.
 C = Inter-level travel time spent in this place.
 D = Time resting spent in this place.
 E = Time spent auto-exploring this place.
 F = Levels seen in this place.
 G = Mean time per level.
                   A        B        C        D        E       F      G
               +--------+--------+--------+--------+--------+-----+--------+
         Total |    401 |    390 |     11 |      0 |    277 |   2 |  200.5 |
       Dungeon |    401 |    390 |     11 |      0 |    277 |   2 |  200.5 |
               +--------+--------+--------+--------+--------+-----+--------+

Top non-repeatable levels by time:
     D:2: 224 daAuts
     D:1: 177 daAuts
